 Dungeon Crawl Stone Soup version 0.29-a0-717-g6dac4ea423 (webtiles) character file.

Game seed: 5332939580411599159

51 HoaS the Shooter (level 3, -8/21 HPs)
             Began as a Tengu Hunter on June 26, 2022.
             Killed from afar by Terence (14 damage)
             ... with a bolt of dispelling energy
             ... on level 2 of the Dungeon.
             The game lasted 00:01:57 (1137 turns).

HoaS the Shooter (Tengu Hunter)                     Turns: 1137, Time: 00:01:57

Health: -8/21      AC:  4    Str: 11    XL:     3   Next: 81%
Magic:  4/4        EV: 12    Int:  9    God:
Gold:   91         SH:  0    Dex: 19    Spells: 2/2 levels left

rFire   . . .      SeeInvis .   a - +0 shortbow
rCold   . . .      Faith    .   (shield currently unavailable)
rNeg    . . .      Spirit   .   c - +0 leather armour
rPois   .          Reflect  .   (helmet restricted)
rElec   .          Harm     .   (no cloak)
rCorr   .          Rampage  .   d - +0 pair of gloves
Will    .....                   (boots unavailable)
Stlth   ++........              (no amulet)
HPRegen 0.07/turn               (no ring)
MPRegen 0.09/turn               (no ring)

@: no status effects
A: beak, talons 3
a: no special abilities


You were on level 2 of the Dungeon.
You visited 1 branch of the dungeon, and saw 2 of its levels.

You collected 91 gold pieces.

Inventory:

Hand Weapons
 a - a +0 shortbow (weapon)
Armour
 c - a +0 leather armour (worn)
 d - a +0 pair of gloves (worn)
Jewellery
 i - a ring of fire
 n - a +6 ring of strength
Scrolls
 b - a scroll of immolation
 j - a scroll of enchant weapon {unknown}
 o - 3 scrolls of identify
Potions
 e - a potion of lignification
 f - a potion of heal wounds {unknown}
 g - 2 potions of ambrosia {unknown}
 k - a potion of haste {unknown}
 l - a potion of brilliance {unknown}
 m - a potion of might {unknown}


   Skills:
 - Level 2.0 Fighting
 + Level 5.9 Ranged Weapons
 - Level 2.1 Dodging
 - Level 1.0 Stealth


You had 2 spell levels left.
You didn't know any spells.
Your spell library was empty.

Dungeon Overview and Level Annotations

Branches:
Dungeon (2/15)

Altars:

Annotations:
D:2 Terence


Innate Abilities, Weirdness & Mutations

You have a beak for a mouth.
You have claws for feet.


Message History

o - 3 scrolls of identify (gained 1)
A frilled lizard comes into view.
A frilled lizard is nearby!
A frilled lizard is nearby!
A frilled lizard is nearby!
You shoot an arrow.
The arrow hits the frilled lizard but does no damage.
The frilled lizard hisses angrily.
You shoot an arrow. The arrow hits the frilled lizard!
You kill the frilled lizard!
No target in view!
Found a leather armour.
A ball python comes into view.
The ball python hisses angrily.
A ball python is nearby!
A ball python is nearby!
A ball python is nearby!
You shoot an arrow. The arrow hits the ball python!
You kill the ball python!
No target in view!
No target in view!
Terence the Incautious comes into view.
He is wielding a +2 vorpal hand axe, wearing a +0 scale mail of poison resistance and carrying a wand of quicksilver (11).
Terence shouts!
Terence zaps a wand.
The bolt of dispelling energy hits you!
Ouch! That really hurt!
* * * LOW HITPOINT WARNING * * *
Terence is nearby!
Terence is nearby!
Terence is nearby!
You start resting.
Terence is nearby!
Okay, then.
Throw: throwing net
Press: ? - help, Shift-Dir - straight line, f - Terence
Aim: Terence, wielding a +2 vorpal hand axe, wearing a +0 scale mail of poison resistance and carrying a wand of quicksilver (10) (65% to hit)
You throw a throwing net. The throwing net hits Terence.
Terence is caught in the net!
Terence zaps a wand.
The bolt of dispelling energy hits you!
Ouch! That really hurt!
You die...

## ###.....#### #.@. .###.......#
#..# .##......### ...# .##<#....#
##...# .##.#....# ##...#
###......####....#
...............###
#..##..........################
............##.@@.#.....#.....##
........>.##.####.##.##........##
.......####...#####...#.........#
...#...# #..#.......#...........#
).#..#..###...#####...#.........#
..#.###.( ##.## ##.##.........#
..#.# #. #.# #.#..........# ....#
#.# #.#..........# ...## #.#
#.#......[..##


You could see Terence (caught).

Vanquished Creatures
  2 dart slugs (D:1)
  5 endoplasms
  A giant cockroach (D:1)
  2 goblins (D:2)
  8 hobgoblins
  3 kobolds
  2 quokkas (D:2)
  7 ball pythons
  3 bats
  2 frilled lizards (D:2)
  5 rats
40 creatures vanquished.

Notes
Turn   | Place    | Note
-------+----------+-------------------------------------------
     0 | D:1      | HoaS the Tengu Hunter began the quest for the Orb.
     0 | D:1      | Reached XP level 1. HP: 12/12 MP: 2/2
   268 | D:1      | Reached XP level 2. HP: 17/17 MP: 3/3
   328 | D:1      | Reached skill level 5 in Ranged Weapons
   479 | D:1      | Reached XP level 3. HP: 21/21 MP: 4/4
  1126 | D:2      | Noticed Terence
  1137 | D:2      | Killed from afar by Terence

Illustrated notes

Levels and vault maps discovered:
D:1:      dpeg_arrival_rooms_b, layout_loops_ring, grunt_decor_one_mirror,
          chequers_decorated_corner
D:2:      layout_rooms, grunt_ministairs_6, minmay_misc_feat_tower, uniq_terence

Skill      XL: |  1  2 |
---------------+-------+-----
Ranged Weapons | 5 |  5.9
Fighting       | |  2.0
Dodging        | |  2.1
Stealth        | |  1.0

Action                   || total
-------------------------++-------
 Fire: Shortbow          ||    79
Throw: Throwing net      ||     1
  Use: Scroll            ||     2
Armor: Leather armour    ||     2
Dodge: Dodged            ||     4

Table legend: (Time is in decaauts)
 A = Elapsed time spent in this place.
 B = Non-inter-level travel time spent in this place.
 C = Inter-level travel time spent in this place.
 D = Time resting spent in this place.
 E = Time spent auto-exploring this place.
 F = Levels seen in this place.
 G = Mean time per level.
                   A        B        C        D        E       F      G
               +--------+--------+--------+--------+--------+-----+--------+
         Total |   1159 |   1134 |     25 |    122 |    813 |   2 |  579.5 |
       Dungeon |   1159 |   1134 |     25 |    122 |    813 |   2 |  579.5 |
               +--------+--------+--------+--------+--------+-----+--------+

Top non-repeatable levels by time:
     D:1: 750 daAuts
     D:2: 409 daAuts
